 Dungeon Crawl Stone Soup version 0.18.1-48-g4cf74bf (webtiles) character file.

244 nikopol the Chopper (level 5, -5/48 HPs)
             Began as a Minotaur Berserker on Sept 4, 2016.
             Was a Priest of Trog.
             Slain by a gnoll
             ... wielding a +0 spear
              (8 damage)
             ... on level 4 of the Dungeon.
             The game lasted 00:06:21 (2985 turns).

nikopol the Chopper (Minotaur Berserker)            Turns: 2985, Time: 00:06:22

Health: -5/48      AC:  4    Str: 24    XL:     5   Next: 83%
Magic:  4/4        EV: 13    Int:  4    God:    Trog [***...]
Gold:   116        SH:  0    Dex: 11    Spells: 0 memorised, 4 levels left

rFire  . . .     SeeInvis .     a - +0 hand axe
rCold  . . .     Gourm    .     i - +0 leather armour
rNeg   . . .     Faith    .     (no shield)
rPois  .         Spirit   .     (helmet restricted)
rElec  .         Dismiss  .     (no cloak)
rCorr  .         Reflect  .     (no gloves)
SustAt .         Harm     .     w - +0 pair of boots
MR     .....                    (no amulet)
Stlth  +.........               (no ring)
                                e - +3 ring of strength

@: not resistant to hostile enchantments, very unstealthy
A: retaliatory headbutt, horns 2
a: Berserk, Trog's Hand, Burn Spellbooks, Renounce Religion


You were on level 4 of the Dungeon.
You worshipped Trog.
Trog was most pleased with you.
You were not hungry.

You visited 1 branch of the dungeon, and saw 4 of its levels.

You collected 116 gold pieces.

Inventory:

Hand Weapons
 a - a +0 hand axe (weapon)
Missiles
 f - 40 arrows (quivered)
Armour
 b - a +0 animal skin
 i - a +0 leather armour (worn)
 m - a +0 scale mail
 t - a +3 ring mail
 w - a +0 pair of boots (worn)
Jewellery
 e - a +3 ring of strength (left hand)
 j - an uncursed amulet of harm {unknown}
 p - a +2 ring of dexterity {unknown}
 v - an uncursed ring of sustain attributes {unknown}
 A - an uncursed amulet of harm {unknown}
Wands
 y - a wand of confusion (21/48)
Scrolls
 d - 2 scrolls of remove curse {unknown}
 g - a scroll of identify {unknown}
 k - 3 scrolls of teleportation {unknown}
 l - a scroll of noise {unknown}
 o - 2 scrolls of enchant armour {unknown}
 r - a scroll of blinking {unknown}
 u - a scroll of amnesia {unknown}
Potions
 n - 4 potions of heal wounds {unknown}
 q - a potion of degeneration {unknown}
 z - a potion of haste {unknown}
Comestibles
 c - 3 bread rations
 h - 2 meat rations
 s - 2 beef jerkies
 x - 3 chunks of flesh


   Skills:
 + Level 5.1 Fighting
 + Level 5.2 Axes
 + Level 4.1 Armour
 + Level 3.5 Dodging


You had 4 spell levels left.
You didn't know any spells.

Dungeon Overview and Level Annotations

Branches:
Dungeon (4/15)
 Temple: D:4-7

Altars:
Dithmenos
Fedhas
Kikubaaqudgha
Okawaru
Pakellas
Zin


Innate Abilities, Weirdness & Mutations

You reflexively headbutt those who attack you in melee.
You have a pair of horns on your head.


Message History

The gnoll closely misses you. The gnoll hits you.
You hit the gnoll.
You kill the gnoll!
Trog accepts your kill.
You barely miss the gnoll. The gnoll hits you but does no damage.
The gnoll barely misses you.
You hit the gnoll but do no damage. The gnoll hits you with a spear.
The gnoll barely misses you.
You hit the gnoll.
The gnoll is moderately wounded.
The gnoll hits you with a spear.
The gnoll hits you from afar with a halberd!
You completely miss the gnoll. Your headbutt misses the gnoll.
The gnoll is moderately wounded.
The gnoll hits you with a spear.
* * * LOW HITPOINT WARNING * * *
The gnoll hits you with a halberd!
* * * LOW HITPOINT WARNING * * *
The gnoll hits you with a spear!
You die...

..#....##'####.....#
..#....##...#......#
..#....#....#.....>######
..#....#....#...........#
..#....#....#...........#
..#...>#.[..#...........#
..# #....#...........#
..# ######...........#
......g@########
.......g# ./......#
........# ........#
..####### ..


You could see 2 gnolls.

Vanquished Creatures
  A water moccasin zombie (D:2)
  A worker ant (D:4)
  A gnoll (D:4)
  7 adders
  3 oozes
  3 worms
  A dart slug (D:2)
  3 giant geckos
  2 orcs
  4 bats
  4 giant cockroaches (D:2)
  8 goblins
  8 hobgoblins
  5 jackals
  A quokka (D:2)
  9 giant newts
  8 kobolds
  7 rats
76 creatures vanquished.

Notes
Turn   | Place    | Note
--------------------------------------------------------------
     0 | D:1      | nikopol the Minotaur Berserker began the quest for the Orb.
     0 | D:1      | Reached XP level 1. HP: 19/19 MP: 0/0
   240 | D:1      | Reached XP level 2. HP: 19/27 MP: 1/1
   706 | D:2      | Reached ** piety under Trog
   760 | D:2      | Reached XP level 3. HP: 25/33 MP: 2/2
  1224 | D:2      | Found an iron altar of Okawaru.
  1323 | D:2      | Reached XP level 4. HP: 40/41 MP: 3/3
  1582 | D:2      | Found an ancient bone altar of Kikubaaqudgha.
  1801 | D:2      | Reached XP level 5. HP: 47/47 MP: 4/4
  1934 | D:3      | Found an oddly glowing altar of Pakellas.
  1934 | D:3      | Found a glowing silver altar of Zin.
  1935 | D:3      | Found a shadowy altar of Dithmenos.
  1955 | D:3      | Found a blossoming altar of Fedhas.
  2021 | D:3      | Reached *** piety under Trog
  2341 | D:3      | Reached skill level 5 in Axes
  2719 | D:4      | Reached skill level 5 in Fighting
  2985 | D:4      | Slain by a gnoll

Skill      XL: |  1  2  3  4  5 |
---------------+----------------+-----
Fighting       | 4 5 |  5.1
Axes           | 4 5 |  5.2
Armour         | 3 4 |  4.1
Dodging        | 3 |  3.5

Action                   |  1- 3 |  4- 6 || total
-------------------------+-------+-------++-------
Melee: Hand axe          |    77 |   111 ||   188
       Headbutt          |    12 |    21 ||    33
Invok: Burn Spellbooks   |       |     1 ||     1
  Eat: Chunk             |     1 |     6 ||     7
Armor: Leather armour    |    13 |    14 ||    27
Dodge: Dodged            |    59 |    69 ||   128
